[Event "42nd Olympiad Baku 2016 Open"]
[Site "Baku"]
[Date "2016.09.06"]
[Round "5.36"]
[White "Borigas, Edgardo"]
[Black "Diermair, Andreas"]
[Result "0-1"]
[ECO "A45"]
[WhiteElo "1894"]
[BlackElo "2478"]
[Annotator ""]
[PlyCount "90"]
[EventDate "2016.??.??"]
[EventType "team-tourn"]
[EventCountry "AZE"]
[SourceTitle "playchess.com"]
[Source "ChessBase"]
[WhiteTeam "Hong Kong"]
[BlackTeam "Austria"]
[WhiteTeamCountry "HKG"]
[BlackTeamCountry "AUT"]
[TimeControl "40/5400+30:1800+30"]

1. d4 {(00:00)} Nf6 {(00:00)} 2. Bf4 {(00:00)} c5 {
(00:00)} 3. e3 {(00:08)} g6 {(03:25)} 4. c3 {(00:
41)} b6 {(00:50)} 5. Nf3 {(00:12)} Bg7 {(00:14)} 6. Be2 {
(00:27)} Bb7 {(00:24)} 7. Nbd2 {(00:12)} O-O {(00:
40)} 8. h3 {(00:15)} d6 {(02:10)} 9. O-O {(00:12)} Nbd7 {
(01:01)} 10. Re1 {(01:17)} Re8 {(03:01)} 11. Bh2 {(
00:42)} Bc6 {(06:55)} 12. Qb3 {(05:21)} b5 {(08:31)} 13.
Ng5 {(08:10)} c4 {(03:50)} 14. Qc2 {(05:07)} e5 {(
07:37)} 15. Bf3 {(03:21)} Bxf3 {(01:35)} 16. Ngxf3 {(05:
48)} e4 {(01:33)} 17. Ng5 {(01:04)} d5 {(00:24)} 18. h4 {
(01:40)} Nh5 {(06:37)} 19. g3 {(05:29)} Nb6 {(01:
30)} 20. f3 {(01:33)} f5 {(06:29)} 21. Kg2 {(06:21)} Bh6 {
(04:44)} 22. f4 {(06:36)} Bxg5 {(05:01)} 23. hxg5 {
(01:48)} h6 {(02:21)} 24. gxh6 {(01:44)} g5 {(04:
13)} 25. g4 {(02:00)} fxg4 {(01:58)} 26. Qd1 {(01:08)} Qd7
{(01:27)} 27. fxg5 {(00:32)} Qf5 {(01:16)} 28. Rf1 {
(02:11)} Qxg5 {(00:10)} 29. Bf4 {(00:58)} Qg6 {(01:
41)} 30. Qe1 {(02:10)} Rf8 {(03:36)} 31. Qh4 {(00:56)} Kh7
{(03:23)} 32. Bg5 {(02:43)} Rg8 {(03:45)} 33. Rh1 {
(03:53)} Qxg5 {(00:39)} 34. Qxh5 {(00:02)} Raf8 {(
02:44)} 35. Qxg5 {(01:08)} Rxg5 {(00:01)} 36. Kg3 {(01:13]
} Na4 {(00:23)} 37. Rh4 {(04:12)} a6 {(03:26)} 38. Rf1 {
(02:33)} Rxf1 {(00:51)} 39. Nxf1 {(00:01)} Nxb2 {(
01:16)} 40. Kf4 {(00:00)} Rg6 {(00:00)} 41. Ng3 {(04:58)}
b4 {(10:13)} 42. Ne2 {(05:00)} g3 {(01:14)} 43. Rg4 {
(01:07)} Rxg4+ {(04:00)} 44. Kxg4 {(00:02)} bxc3 {(
00:20)} 45. Kxg3 {(00:05)} c2 {(00:17)} 0-1

[Event "42nd Olympiad Baku 2016 Open"]
[Site "Baku"]
[Date "2016.09.06"]
[Round "5.19"]
[White "Borisek, Jure"]
[Black "Hracek, Zbynek"]
[Result "0-1"]
[ECO "B31"]
[WhiteElo "2558"]
[BlackElo "2591"]
[Annotator ""]
[PlyCount "84"]
[EventDate "2016.??.??"]
[EventType "team-tourn"]
[EventCountry "AZE"]
[SourceTitle "playchess.com"]
[Source "ChessBase"]
[WhiteTeam "Slovenia"]
[BlackTeam "Czech Republic"]
[WhiteTeamCountry "SLO"]
[BlackTeamCountry "CZE"]
[TimeControl "40/5400+30:1800+30"]

1. e4 {(00:00)} c5 {(00:00)} 2. Nf3 {(00:00)} Nc6 {
(00:00)} 3. Bb5 {(00:00)} g6 {(00:00)} 4. Bxc6 {(
00:13)} bxc6 {(00:00)} 5. O-O {(00:18)} Bg7 {(00:00)} 6.
Re1 {(00:12)} Nh6 {(00:09)} 7. c3 {(00:37)} O-O {(
00:09)} 8. h3 {(00:29)} d5 {(04:33)} 9. d3 {(04:47)} c4 {
(13:28)} 10. dxc4 {(05:45)} dxe4 {(01:35)} 11. Qxd8 {
(00:08)} Rxd8 {(00:06)} 12. Rxe4 {(00:05)} e5 {(05:
38)} 13. Re1 {(01:46)} f6 {(00:42)} 14. Nbd2 {(03:52)} Nf7
{(10:24)} 15. Nb3 {(04:41)} a5 {(10:24)} 16. Be3 {(
04:49)} a4 {(03:31)} 17. Nc5 {(03:35)} Bf8 {(06:22)} 18.
b3 {(05:33)} Bxc5 {(02:29)} 19. Bxc5 {(00:04)} Kg7 {
(03:11)} 20. Rad1 {(12:17)} Rxd1 {(01:24)} 21. Rxd1 {
(00:04)} Bf5 {(02:10)} 22. Rc1 {(03:23)} axb3 {(12:
55)} 23. axb3 {(00:05)} Ra2 {(00:16)} 24. Be3 {(05:12)} h5
{(01:49)} 25. Nd2 {(03:52)} Bd3 {(01:48)} 26. f4 {(
07:05)} exf4 {(04:09)} 27. Bxf4 {(00:04)} g5 {(00:06)} 28.
Be3 {(00:02)} Ne5 {(00:47)} 29. Rd1 {(12:54)} h4 {(
02:58)} 30. b4 {(05:13)} Rc2 {(03:55)} 31. b5 {(04:57)}
cxb5 {(00:43)} 32. cxb5 {(00:03)} Bxb5 {(00:28)} 33. Ne4 {
(03:09)} Bc6 {(00:42)} 34. Nf2 {(00:02)} Rxc3 {(00:
52)} 35. Bd4 {(00:26)} Rg3 {(01:28)} 36. Bxe5 {(02:18)}
fxe5 {(00:06)} 37. Ng4 {(00:09)} Rxg2+ {(03:05)} 38. Kf1 {
(00:06)} Rg3 {(00:06)} 39. Nxe5 {(00:35)} Bg2+ {(
00:27)} 40. Kf2 {(00:00)} Bxh3 {(00:00)} 41. Rd6 {(11:06)}
Bf5 {(00:53)} 42. Rb6 {(00:48)} g4 {(00:58)} 0-1

[Event "42nd Olympiad Baku 2016 Open"]
[Site "Baku"]
[Date "2016.09.06"]
[Round "5.20"]
[White "Bravo, William"]
[Black "Lukey, Stephen G"]
[Result "1-0"]
[ECO "E92"]
[WhiteElo "2194"]
[BlackElo "2217"]
[Annotator ""]
[PlyCount "81"]
[EventDate "2016.??.??"]
[EventType "team-tourn"]
[EventCountry "AZE"]
[SourceTitle "playchess.com"]
[Source "ChessBase"]
[WhiteTeam "Nicaragua"]
[BlackTeam "New Zealand"]
[WhiteTeamCountry "NCA"]
[BlackTeamCountry "NZL"]
[TimeControl "40/5400+30:1800+30"]

1. d4 {(00:00)} Nf6 {(00:00)} 2. c4 {(00:00)} g6 {(
00:00)} 3. Nc3 {(00:00)} Bg7 {(00:00)} 4. e4 {(00:00)} d6
{(00:00)} 5. Nf3 {(00:02)} O-O {(00:00)} 6. Be2 {(
00:06)} e5 {(00:14)} 7. d5 {(00:09)} Na6 {(00:26)} 8. Qc2
{(03:03)} Nb4 {(07:09)} 9. Qb1 {(02:59)} c5 {(09:
46)} 10. a3 {(05:21)} Na6 {(00:05)} 11. O-O {(00:22)} Nh5
{(04:40)} 12. Bg5 {(15:48)} f6 {(01:14)} 13. Be3 {(
02:36)} f5 {(02:19)} 14. Bg5 {(03:16)} Bf6 {(02:57)} 15.
Bxf6 {(00:48)} Qxf6 {(06:53)} 16. exf5 {(18:32)} Bxf5 {
(01:36)} 17. Bd3 {(00:51)} Nf4 {(05:28)} 18. Bxf5 {
(00:19)} gxf5 {(00:41)} 19. g3 {(04:06)} Ng6 {(00:
39)} 20. Qc1 {(07:30)} e4 {(04:25)} 21. Ng5 {(02:05)} Ne5
{(00:22)} 22. Ne6 {(06:27)} Nf3+ {(06:59)} 23. Kg2 {
(07:39)} Kh8 {(26:53)} 24. Qf4 {(03:55)} Rf7 {(00:
27)} 25. Nb5 {(03:24)} Rg8 {(02:31)} 26. Nxd6 {(03:08)}
Rg4 {(09:53)} 27. Nxf7+ {(02:37)} Qxf7 {(00:06)} 28. Qh6 {
(04:27)} Kg8 {(00:44)} 29. Rad1 {(00:47)} Rg6 {(00:
56)} 30. Qf4 {(00:25)} h5 {(01:26)} 31. h3 {(00:51)} Kh7 {
(01:45)} 32. Qd6 {(00:21)} Rg8 {(02:10)} 33. Nf4 {(
02:11)} Nc7 {(02:04)} 34. Qxc5 {(00:42)} h4 {(00:15)} 35.
d6 {(00:24)} Ne6 {(01:05)} 36. Nxe6 {(00:29)} hxg3 {
(00:44)} 37. fxg3 {(00:55)} Qxe6 {(00:09)} 38. Qc7+ {
(00:30)} Rg7 {(01:19)} 39. Qxg7+ {(01:33)} Kxg7 {(
00:04)} 40. d7 {(00:00)} Qb6 {(00:00)} 41. d8=Q {(00:30)}
1-0

[Event "42nd Olympiad Baku 2016 Open"]
[Site "Baku"]
[Date "2016.09.06"]
[Round "5.16"]
[White "Brkic, Ante"]
[Black "Kalezic, Blazo"]
[Result "1-0"]
[ECO "C11"]
[WhiteElo "2584"]
[BlackElo "2457"]
[Annotator ""]
[PlyCount "81"]
[EventDate "2016.??.??"]
[EventType "team-tourn"]
[EventCountry "AZE"]
[SourceTitle "playchess.com"]
[Source "ChessBase"]
[WhiteTeam "Croatia"]
[BlackTeam "Montenegro"]
[WhiteTeamCountry "CRO"]
[BlackTeamCountry "MNE"]
[TimeControl "40/5400+30:1800+30"]

1. e4 {(00:00)} e6 {(00:00)} 2. d4 {(00:00)} d5 {(
00:00)} 3. Nc3 {(00:00)} Nf6 {(00:00)} 4. e5 {(00:00)}
Nfd7 {(00:01)} 5. f4 {(00:00)} c5 {(00:07)} 6. Nf3 {
(00:00)} Be7 {(00:37)} 7. Be3 {(00:04)} b6 {(00:15]
} 8. Qd2 {(00:51)} O-O {(00:15)} 9. Nd1 {(11:33)} a5 {
(02:20)} 10. Nc3 {(00:05)} Nc6 {(01:00)} 11. Bb5 {(
04:04)} cxd4 {(19:27)} 12. Nxd4 {(00:30)} Nxd4 {(00:32)}
13. Bxd4 {(00:04)} Nc5 {(01:45)} 14. O-O {(10:29)} Bd7 {
(12:16)} 15. Be2 {(03:09)} Bc6 {(09:42)} 16. Qe3 {(
03:05)} Rb8 {(00:51)} 17. Rae1 {(11:14)} Qc7 {(09:25)} 18.
Bg4 {(03:17)} g6 {(01:42)} 19. f5 {(24:02)} exf5 {(
01:48)} 20. Bxf5 {(00:02)} Ne6 {(02:45)} 21. Bxe6 {(00:02]
} fxe6 {(00:10)} 22. Rf6 {(00:03)} Bxf6 {(06:44)} 23. exf6
{(00:05)} Rbe8 {(00:39)} 24. Be5 {(01:51)} Qd8 {(
00:46)} 25. Qg5 {(02:05)} Rf7 {(02:02)} 26. h4 {(14:08)}
Kh8 {(16:42)} 27. Ne2 {(00:12)} d4 {(01:00)} 28. Nxd4 {
(00:50)} Qd7 {(02:09)} 29. Re3 {(02:26)} b5 {(01:
40)} 30. Kh2 {(00:56)} b4 {(00:43)} 31. c4 {(01:18)} bxc3
{(02:27)} 32. bxc3 {(04:13)} Bd5 {(01:04)} 33. a3 {
(00:02)} Rg8 {(01:53)} 34. Ne2 {(01:02)} Qa4 {(01:
02)} 35. Nf4 {(02:26)} Qc2 {(00:18)} 36. Bd4 {(02:31)} Qf5
{(01:48)} 37. Qh6 {(01:03)} g5 {(01:36)} 38. Nxd5 {
(00:01)} exd5 {(00:47)} 39. Qg7+ {(00:16)} Rgxg7 {(
00:35)} 40. fxg7+ {(00:00)} Kg8 {(00:00)} 41. Re8+ {(00:
12)} 1-0

[Event "42nd Olympiad Baku 2016 Open"]
[Site "Baku"]
[Date "2016.09.06"]
[Round "5.11"]
[White "Brookfield, Toby"]
[Black "Greenidge, Ronuel"]
[Result "1-0"]
[ECO "B17"]
[WhiteElo "1909"]
[BlackElo "1723"]
[Annotator ""]
[PlyCount "171"]
[EventDate "2016.??.??"]
[EventType "team-tourn"]
[EventCountry "AZE"]
[SourceTitle "playchess.com"]
[Source "ChessBase"]
[WhiteTeam "Channel Islands"]
[BlackTeam "Guyana"]
[WhiteTeamCountry "GCI"]
[BlackTeamCountry "GUY"]
[TimeControl "40/5400+30:1800+30"]

1. e4 {(00:00)} c6 {(00:00)} 2. d4 {(00:00)} d5 {(
00:00)} 3. Nd2 {(00:00)} dxe4 {(00:00)} 4. Nxe4 {(00:02)}
Nd7 {(00:00)} 5. Ng5 {(01:32)} Ngf6 {(02:12)} 6. Bd3 {
(00:54)} e6 {(00:36)} 7. N1f3 {(01:22)} Be7 {(00:
22)} 8. O-O {(01:30)} O-O {(02:25)} 9. c3 {(07:15)} h6 {
(01:46)} 10. Ne4 {(00:37)} Nxe4 {(00:07)} 11. Bxe4 Nf6 12.
Bc2 {(00:49)} c5 {(00:07)} 13. Re1 {(07:54)} Qc7 {(
02:09)} 14. Qe2 {(10:15)} b6 {(01:24)} 15. h3 {(03:20)}
Bb7 {(00:25)} 16. Bd2 {(02:43)} Rad8 {(02:51)} 17. Rac1 {
(00:55)} Qc6 {(01:16)} 18. Bf4 {(09:32)} Nd5 {(13:
48)} 19. Be5 {(03:59)} c4 {(03:41)} 20. Bb1 {(03:07)} Rde8
{(05:36)} 21. Qc2 {(04:16)} f5 {(00:59)} 22. Re2 {(
02:41)} Bg5 {(05:47)} 23. Rd1 {(08:29)} a5 {(04:59)} 24.
Bg3 {(06:59)} Bf4 {(01:39)} 25. Bxf4 {(04:05)} Nxf4 {
(00:12)} 26. Re3 {(00:45)} Rf6 {(00:42)} 27. Kh2 {(
07:26)} Rg6 {(02:24)} 28. g3 {(02:16)} Nd5 {(00:18)} 29.
Re5 {(03:16)} Nf4 {(03:20)} 30. d5 {(01:11)} Nxd5 {
(00:26)} 31. Nd4 {(00:23)} Qd6 {(05:28)} 32. Rde1 Re7 {
(07:50)} 33. Qd1 {(04:04)} Rf6 {(08:39)} 34. Nxf5 {
(00:32)} exf5 {(02:16)} 35. Rxe7 {(02:06)} Nxe7 {(
00:54)} 36. Qxd6 {(00:33)} Rxd6 {(00:07)} 37. Rxe7 {(00:
10)} Bf3 {(00:18)} 38. Bxf5 {(02:26)} Bc6 {(07:42)} 39.
Re2 {(00:52)} Kf7 {(00:48)} 40. h4 {(00:00)} g6 {(
00:00)} 41. Bh3 {(03:36)} Rd1 {(10:03)} 42. Bg2 {(00:37)}
Bd7 {(00:22)} 43. Bf3 {(02:47)} Rd3 {(03:01)} 44. Kg2 {
(02:03)} h5 {(01:50)} 45. Be4 {(01:23)} Rd1 {(00:
20)} 46. f3 {(00:53)} Kf6 {(00:41)} 47. Kf2 {(01:02)} Bh3
{(03:01)} 48. Ke3 {(01:26)} Bf5 {(08:53)} 49. Kf4 {
(04:28)} Bd7 {(01:43)} 50. Bc2 {(02:01)} Rf1 {(01:
05)} 51. Rd2 {(01:12)} Bg4 {(00:40)} 52. Be4 {(03:32)} Ke7
{(02:03)} 53. Bd5 {(01:56)} Kf6 {(01:34)} 54. Re2 {
(02:14)} b5 {(01:54)} 55. Ke3 {(04:51)} Bd7 {(00:
37)} 56. Kd4 {(00:36)} Rg1 {(00:52)} 57. Kc5 {(01:59)}
Rxg3 {(00:34)} 58. Kd6 {(01:06)} Bf5 {(00:44)} 59. Rh2 {
(00:38)} g5 {(01:18)} 60. Kc5 {(00:38)} Bd7 {(00:
34)} 61. Kd6 {(01:10)} Bh3 {(01:25)} 62. Kc5 {(00:34)}
gxh4 {(02:42)} 63. Kxb5 {(00:28)} Ke5 {(00:57)} 64. Kxc4 {
(00:39)} Bf1+ {(00:20)} 65. Kc5 {(00:10)} h3 {(00:
28)} 66. b4 {(00:58)} axb4 {(00:29)} 67. cxb4 {(00:03)}
Kf4 {(01:04)} 68. a4 {(01:10)} Rg1 {(01:06)} 69. b5 {
(00:46)} Bg2 {(00:50)} 70. b6 {(00:46)} Rb1 {(00:
24)} 71. a5 {(00:28)} Kg3 {(00:29)} 72. Rxh3+ {(00:09)}
Bxh3 {(01:16)} 73. a6 {(00:03)} Bc8 {(00:24)} 74. a7 {
(00:40)} Ra1 {(00:23)} 75. a8=Q {(00:05)} Rxa8 {(
00:20)} 76. Bxa8 {(00:02)} Kf4 {(00:15)} 77. Kd6 {(01:37)}
h4 {(00:36)} 78. Kc7 {(00:04)} Ba6 {(00:12)} 79. Bb7 {
(00:15)} Be2 {(02:13)} 80. Bc6 {(00:11)} Ba6 {(00:
59)} 81. Bd7 {(00:16)} Kg3 {(01:21)} 82. Bc8 {(00:29)}
Bxc8 83. Kxc8 {(00:01)} h3 {(02:31)} 84. b7 {(00:01)} h2 {
(00:21)} 85. b8=Q+ {(00:07)} Kg2 {(00:28)} 86. Qxh2+ 1-0

[Event "42nd Olympiad Baku 2016 Open"]
[Site "Baku"]
[Date "2016.09.06"]
[Round "5.24"]
[White "Buhmann, Rainer"]
[Black "Murshed, Niaz"]
[Result "1/2-1/2"]
[ECO "D38"]
[WhiteElo "2640"]
[BlackElo "2439"]
[Annotator ""]
[PlyCount "76"]
[EventDate "2016.??.??"]
[EventType "team-tourn"]
[EventCountry "AZE"]
[SourceTitle "playchess.com"]
[Source "ChessBase"]
[WhiteTeam "Germany"]
[BlackTeam "Bangladesh"]
[WhiteTeamCountry "GER"]
[BlackTeamCountry "BAN"]
[TimeControl "40/5400+30:1800+30"]

1. Nf3 {(00:00)} Nf6 {(00:00)} 2. c4 {(00:00)} e6 {
(00:39)} 3. Nc3 {(00:12)} d5 {(00:11)} 4. d4 {(00:
29)} Bb4 {(00:28)} 5. Bg5 {(00:37)} Nbd7 {(00:28)} 6. e3 {
(00:34)} c5 {(01:40)} 7. cxd5 {(00:46)} exd5 {(00:
13)} 8. Be2 {(00:58)} Qa5 {(06:49)} 9. O-O {(00:43)} c4 {
(00:43)} 10. Nd2 {(01:18)} O-O {(02:59)} 11. Qc2 {(
01:16)} Re8 {(05:18)} 12. Bf3 {(18:07)} Bxc3 {(24:46)} 13.
Qxc3 {(07:24)} Qxc3 {(00:34)} 14. bxc3 {(00:03)} h6 {
(01:50)} 15. Bh4 {(09:18)} Nb6 {(14:32)} 16. Bxf6 {
(06:18)} gxf6 {(00:05)} 17. a4 {(00:19)} a5 {(03:
06)} 18. Rfb1 {(02:49)} Ra6 {(00:07)} 19. Nf1 {(21:33)}
Bd7 {(06:08)} 20. Bd1 {(00:32)} Rb8 {(02:26)} 21. Ng3 {
(03:57)} Nc8 {(07:36)} 22. Bf3 {(01:42)} Nb6 {(01:
33)} 23. Bd1 {(01:36)} Nc8 {(00:08)} 24. Nh5 {(05:48)} b5
{(02:37)} 25. Nf4 {(01:16)} Ne7 {(01:03)} 26. Bf3 {
(02:38)} b4 {(01:36)} 27. Nxd5 {(01:07)} Nxd5 {(00:
20)} 28. Bxd5 {(00:02)} Be6 {(00:36)} 29. Bxe6 {(02:45)}
fxe6 {(00:32)} 30. Kf1 {(01:14)} b3 {(05:50)} 31. Rb2 {
(00:15)} e5 {(01:44)} 32. dxe5 {(02:44)} fxe5 {(00:
21)} 33. Rd1 {(00:11)} Rbb6 {(01:10)} 34. Rbd2 {(01:07)}
Kf7 {(00:06)} 35. Ke2 {(01:14)} Ke6 {(00:32)} 36. g4 {
(04:09)} Rd6 {(00:46)} 37. Rxd6+ {(02:20)} Rxd6 {(
00:02)} 38. f4 {(00:53)} Rxd1 {(01:38)} 1/2-1/2

[Event "42nd Olympiad Baku 2016 Open"]
[Site "Baku"]
[Date "2016.09.06"]
[Round "5.3"]
[White "Butnorius, Algimantas"]
[Black "Tologontegin, Semetey"]
[Result "0-1"]
[ECO "A37"]
[WhiteElo "2348"]
[BlackElo "2350"]
[Annotator ""]
[PlyCount "82"]
[EventDate "2016.??.??"]
[EventType "team-tourn"]
[EventCountry "AZE"]
[SourceTitle "playchess.com"]
[Source "ChessBase"]
[WhiteTeam "Monaco"]
[BlackTeam "Kyrgyzstan"]
[WhiteTeamCountry "MNC"]
[BlackTeamCountry "KGZ"]
[TimeControl "40/5400+30:1800+30"]

1. Nf3 {(00:00)} c5 {(00:00)} 2. c4 {(00:00)} Nc6 {
(00:16)} 3. g3 {(00:54)} g6 {(00:14)} 4. Bg2 {(00:
24)} Bg7 {(00:08)} 5. Nc3 {(02:58)} d6 {(03:39)} 6. O-O {
(00:27)} e6 {(01:28)} 7. d3 {(04:42)} Nge7 {(00:35]
} 8. Bd2 {(02:31)} h6 {(05:32)} 9. a3 {(00:30)} b6 {
(08:32)} 10. Rb1 {(00:34)} Bb7 {(00:36)} 11. b4 {(
00:21)} Qd7 {(11:14)} 12. b5 {(19:48)} Nd4 {(05:47)} 13.
e3 {(06:52)} Nxf3+ {(00:53)} 14. Bxf3 {(00:05)} O-O {
(01:48)} 15. Bxb7 {(01:49)} Qxb7 {(00:07)} 16. e4 {
(00:16)} Rad8 {(04:28)} 17. Qc2 {(17:13)} d5 {(07:
21)} 18. Ne2 {(01:11)} Rd7 {(06:25)} 19. Be3 {(00:52)}
Rfd8 {(02:57)} 20. Rbd1 {(01:14)} Kh7 {(13:55)} 21. f3 {
(06:56)} f5 {(16:40)} 22. exd5 {(05:33)} exd5 {(00:
06)} 23. Kg2 {(00:12)} g5 {(02:28)} 24. d4 {(08:34)} dxc4
{(02:27)} 25. dxc5 {(00:48)} bxc5 {(00:07)} 26. Rxd7 {
(03:55)} Rxd7 {(00:04)} 27. Qxc4 {(03:40)} Nd5 {(
00:33)} 28. Bf2 {(04:11)} Re7 {(00:25)} 29. Rd1 {(02:04)}
Ne3+ {(00:18)} 30. Bxe3 {(00:13)} Rxe3 {(00:04)} 31. Ng1 {
(00:28)} Bd4 {(01:48)} 32. a4 {(02:27)} g4 {(00:41]
} 33. Rf1 {(00:14)} h5 {(03:34)} 34. a5 {(02:22)} Qd7 {
(00:43)} 35. b6 {(01:45)} Rc3 {(00:02)} 36. Qa2 {(
00:50)} axb6 {(01:18)} 37. axb6 {(00:44)} c4 {(00:13)} 38.
Qd2 {(00:39)} Rb3 {(00:58)} 39. Rd1 Rd3 {(00:12)} 40. Qc2
{(00:00)} Bxg1 {(00:00)} 41. Rxd3 {(03:10)} Qxd3 {(
06:58)} 0-1

[Event "42nd Olympiad Baku 2016 Open"]
[Site "Baku"]
[Date "2016.09.06"]
[Round "5.25"]
[White "Capo Vidal, Uriel"]
[Black "Calicoca, Wilton Inacio"]
[Result "1-0"]
[ECO "A40"]
[WhiteElo "2314"]
[BlackElo "2190"]
[Annotator ""]
[PlyCount "59"]
[EventDate "2016.??.??"]
[EventType "team-tourn"]
[EventCountry "AZE"]
[SourceTitle "playchess.com"]
[Source "ChessBase"]
[WhiteTeam "Mexico"]
[BlackTeam "Mozambique"]
[WhiteTeamCountry "MEX"]
[BlackTeamCountry "MOZ"]
[TimeControl "40/5400+30:1800+30"]

1. d4 {(00:00)} c6 {(00:22)} 2. Nf3 {(00:00)} d6 {(
00:07)} 3. Bf4 {(00:48)} Nf6 {(00:46)} 4. Nbd2 {(00:59)}
Bf5 {(02:16)} 5. e3 {(01:36)} Qc7 {(00:27)} 6. h3 {
(05:15)} Nbd7 {(01:27)} 7. Bg3 {(02:44)} Ne4 {(04:
36)} 8. Nxe4 {(00:42)} Bxe4 {(00:02)} 9. Bd3 {(02:20)}
Bxd3 {(08:29)} 10. Qxd3 {(00:27)} g6 {(00:30)} 11. O-O {
(02:53)} Bg7 {(00:16)} 12. c4 {(00:27)} O-O {(00:
36)} 13. Rfd1 {(01:52)} Qb6 {(09:21)} 14. b4 {(06:21)} Nf6
{(24:31)} 15. Rab1 {(01:35)} a6 {(03:20)} 16. a4 {(
02:36)} Qd8 {(05:14)} 17. c5 {(05:06)} b6 {(04:40)} 18.
cxd6 {(02:37)} exd6 {(00:14)} 19. Rdc1 {(01:30)} Qd7 {
(00:33)} 20. Nd2 {(10:29)} c5 {(11:23)} 21. Nc4 {(
01:10)} b5 {(07:25)} 22. axb5 {(02:30)} axb5 {(00:24)} 23.
Nb6 {(00:07)} Qb7 {(01:05)} 24. bxc5 {(00:08)} Ne4 {
(01:31)} 25. Nxa8 {(00:54)} Nxg3 {(00:12)} 26. c6 {
(00:58)} Qxa8 {(00:12)} 27. fxg3 {(00:08)} Re8 {(
00:51)} 28. c7 {(00:28)} Bh6 {(00:26)} 29. Qxb5 {(03:05)}
Bxe3+ {(04:21)} 30. Kh2 {(00:06)} 1-0

[Event "42nd Olympiad Baku 2016 Open"]
[Site "Baku"]
[Date "2016.09.06"]
[Round "5.5"]
[White "Carlsen, Magnus"]
[Black "Winants, Luc"]
[Result "1-0"]
[ECO "E11"]
[WhiteElo "2857"]
[BlackElo "2558"]
[Annotator ""]
[PlyCount "77"]
[EventDate "2016.??.??"]
[EventType "team-tourn"]
[EventCountry "AZE"]
[SourceTitle "playchess.com"]
[Source "ChessBase"]
[WhiteTeam "Norway"]
[BlackTeam "Belgium"]
[WhiteTeamCountry "NOR"]
[BlackTeamCountry "BEL"]
[TimeControl "40/5400+30:1800+30"]

1. d4 {(00:00)} Nf6 {(00:00)} 2. c4 {(00:00)} e6 {(
00:00)} 3. Nf3 {(00:00)} Bb4+ {(01:25)} 4. Nbd2 {(01:37)}
O-O {(01:05)} 5. a3 {(00:34)} Be7 {(00:12)} 6. e4 {
(00:11)} d6 {(00:12)} 7. Be2 {(01:33)} c5 {(04:29)}
8. d5 {(03:13)} exd5 {(05:47)} 9. cxd5 {(00:20)} Re8 {
(02:21)} 10. O-O {(00:34)} Bf8 {(00:41)} 11. Re1 {(
06:05)} a6 {(08:12)} 12. Qc2 {(05:07)} Bg4 {(01:33)} 13.
b3 {(07:15)} Nbd7 {(14:53)} 14. Bb2 {(00:44)} b5 {(
01:06)} 15. a4 {(03:07)} Qb6 {(01:54)} 16. Bf1 {(01:03)}
Bxf3 {(06:58)} 17. Nxf3 {(00:03)} g6 {(01:13)} 18. g3 {
(13:28)} Bg7 {(00:45)} 19. Kg2 {(02:52)} Rac8 {(03:
04)} 20. h3 {(06:58)} Rb8 {(15:03)} 21. axb5 {(11:32)}
axb5 {(00:08)} 22. Nd2 {(00:06)} Ra8 {(02:55)} 23. Bc3 {
(01:00)} h5 {(07:37)} 24. Qd3 {(02:11)} Rxa1 {(01:
40)} 25. Bxa1 {(00:35)} Rb8 {(00:59)} 26. Bc3 {(01:31)}
Qd8 {(02:27)} 27. f4 {(01:25)} Nb6 {(07:20)} 28. Nf3 {
(01:39)} c4 {(01:22)} 29. bxc4 {(00:11)} bxc4 {(00:
27)} 30. Qc2 {(00:34)} Ra8 {(00:53)} 31. Bd4 {(01:03)}
Nfd7 {(03:13)} 32. e5 {(04:12)} dxe5 {(02:07)} 33. fxe5 {
(00:02)} Nxd5 {(01:17)} 34. Bxc4 {(00:08)} N7b6 {(
01:08)} 35. Bxb6 {(02:46)} Nxb6 {(00:13)} 36. e6 {(02:19)}
Nxc4 {(00:30)} 37. exf7+ {(00:03)} Kxf7 {(00:17)} 38.
Qxc4+ {(00:17)} Kf8 {(00:06)} 39. Rf1 {(00:26)} 1-0

[Event "42nd Olympiad Baku 2016 Open"]
[Site "Baku"]
[Date "2016.09.06"]
[Round "5.10"]
[White "Cawdery, Daniel"]
[Black "Gomez, John Paul"]
[Result "1/2-1/2"]
[ECO "B27"]
[WhiteElo "2416"]
[BlackElo "2492"]
[Annotator ""]
[PlyCount "85"]
[EventDate "2016.??.??"]
[EventType "team-tourn"]
[EventCountry "AZE"]
[SourceTitle "playchess.com"]
[Source "ChessBase"]
[WhiteTeam "South Africa"]
[BlackTeam "Philippines"]
[WhiteTeamCountry "RSA"]
[BlackTeamCountry "PHI"]
[TimeControl "40/5400+30:1800+30"]

1. e4 {(00:00)} c5 {(00:00)} 2. Nf3 {(00:00)} g6 {(
00:00)} 3. d4 {(00:34)} cxd4 {(00:00)} 4. Qxd4 {(00:03)}
Nf6 {(00:00)} 5. Nc3 {(00:15)} Nc6 {(00:09)} 6. Qa4 {
(00:05)} d6 {(00:06)} 7. e5 {(00:29)} dxe5 {(00:04]
} 8. Nxe5 {(00:03)} Bd7 {(00:03)} 9. Nxc6 {(02:29)} Bxc6 {
(00:14)} 10. Bb5 {(00:03)} Qd7 {(01:39)} 11. O-O {(
14:08)} Bg7 {(00:29)} 12. Bxc6 {(02:54)} Qxc6 {(03:47)}
13. Qxc6+ {(03:17)} bxc6 {(00:06)} 14. Re1 {(02:15)} Nd5 {
(01:34)} 15. Na4 {(13:34)} O-O {(03:45)} 16. Bg5 {(
14:00)} e5 {(02:45)} 17. Rad1 {(04:09)} f5 {(03:07)} 18.
b3 {(05:49)} Rfe8 {(17:15)} 19. Bd2 {(04:10)} Nb6 {
(10:04)} 20. Nc5 {(02:36)} Bf8 {(03:34)} 21. Nb7 {(
03:59)} Rab8 {(05:33)} 22. Na5 {(00:17)} Re6 {(02:06)} 23.
c4 {(01:40)} c5 {(07:01)} 24. Bc3 {(01:45)} e4 {(
03:01)} 25. Re2 {(07:22)} f4 {(03:56)} 26. f3 {(06:32)} e3
{(00:44)} 27. g3 {(00:26)} g5 {(06:26)} 28. gxf4 {(
00:01)} gxf4 {(00:06)} 29. Rg2+ {(00:12)} Rg6 {(01:03)}
30. Rxg6+ {(04:39)} hxg6 {(00:08)} 31. Nc6 {(00:47)} Rb7 {
(02:00)} 32. Rd8 {(01:15)} Rd7 {(12:18)} 33. Rxd7 {
(00:40)} Nxd7 {(00:07)} 34. Nxa7 {(02:31)} Bg7 {(
01:55)} 35. Bxg7 {(00:01)} Kxg7 {(00:09)} 36. Kf1 {(00:49]
} Kf6 {(02:09)} 37. Nb5 {(00:25)} Ne5 {(01:06)} 38. Ke2 {
(02:34)} Nc6 {(00:24)} 39. Ke1 {(01:02)} Ke5 {(01:
05)} 40. Ke2 {(00:00)} g5 {(00:00)} 41. h3 {(02:51)} Nd4+
{(04:45)} 42. Nxd4 {(02:58)} Kxd4 {(00:11)} 43. a4 {
(00:08)} 1/2-1/2